 Dungeon Crawl Stone Soup version 0.29-a0-1052-g6990b1bffc (webtiles) character file.

Game seed: 9871369696771372607

12 drugrobin the Sneak (level 2, 0/25 HPs)
             Began as a Demigod Delver on Aug 17, 2022.
             Slain by a hobgoblin (1 damage)
             ... on level 2 of the Dungeon.
             The game lasted 00:01:19 (134 turns).

drugrobin the Sneak (Demigod Delver)                 Turns: 134, Time: 00:01:20

Health: 0/25       AC:  3    Str: 13    XL:     2   Next: 9%
Magic:  4/4        EV: 12    Int: 12    God:
Gold:   0          SH:  0    Dex: 15    Spells: 1/1 levels left

rFire   . . .      SeeInvis .   a - +0 hand axe
rCold   . . .      Faith    .   (no shield)
rNeg    . . .      Spirit   .   b - +0 leather armour
rPois   .          Reflect  .   (no helmet)
rElec   .          Harm     .   (no cloak)
rCorr   .          Rampage  .   (no gloves)
Will    .....                   (no boots)
Stlth   +++.......              (no amulet)
HPRegen 0.08/turn               (no ring)
MPRegen 0.09/turn               (no ring)

@: no status effects
A: high MP 1, forlorn, divine attributes
a: no special abilities


You were on level 2 of the Dungeon.
You visited 1 branch of the dungeon, and saw 4 of its levels.

Inventory:

Hand Weapons
 a - a +0 hand axe (weapon)
Armour
 b - a +0 leather armour (worn)
Jewellery
 f - a ring of fire
Wands
 g - a wand of digging (3)
Scrolls
 c - a scroll of fog
 d - a scroll of acquirement {unknown}
 e - a scroll of fear


   Skills:
 + Level 2.8 Fighting
 + Level 2.0 Axes
 + Level 2.0 Dodging
 + Level 4.6 Stealth


You had one spell level left.
You didn't know any spells.
Your spell library was empty.

Dungeon Overview and Level Annotations

Branches:
Dungeon (5/15)
 Temple: D:4-7

Shops:
D:4 [   D:5 =


Innate Abilities, Weirdness & Mutations

You have an increased reservoir of magic. (+10% MP)
You shall have no god before yourself.
Your divine heritage dramatically boosts your attributes as you level up.


Message History

f - a ring of fire Unknown command.
There is a stone staircase leading down here.
A jackal comes into view.
The jackal barks!
You hear a shout!
A goblin and a kobold come into view.
The kobold is wielding a +2 vampiric dagger.
Found an escape hatch in the floor.
The goblin moves out of view.
The kobold moves out of view.
Your extra speed is starting to run out.
You feel yourself slow down.
A hobgoblin comes into view.
Found 22 gold pieces.
Found an escape hatch in the ceiling.
Found 13 gold pieces.
The hobgoblin shouts!
Found a sapphire potion.
Found a small granite ring.
The hobgoblin hits you. The hobgoblin attacks as you move away!
The hobgoblin hits you but does no damage.
An endoplasm comes into view.
The hobgoblin attacks as you move away! The hobgoblin closely misses you.
Found 3 poisoned darts.
The hobgoblin hits you.
* * * LOW HITPOINT WARNING * * *
Unknown command.
You hear the slow rusting of a very distant drain.
There is an escape hatch in the ceiling here.
Unknown command.
The hobgoblin hits you.
* * * LOW HITPOINT WARNING * * *
The endoplasm quivers.
The endoplasm hits you.
* * * LOW HITPOINT WARNING * * *
A mysterious force pulls you upwards. The hatch slams shut behind you.
Found a brown potion.
Found a glowing silver altar of Zin.
Unknown command.
Unknown command.
Unknown command.
The hobgoblin attacks as you move away! The hobgoblin hits you.
You die...

........#
........#
........##
.S.......###
...........#
h..........#
.h......g!.#
g......@...#
...........#
........####
#..##.### #.
#. # #. #


You could see an adder (asleep), 2 jackals and 2 hobgoblins.

Vanquished Creatures
  An adder (D:3)
  A worm (D:3)
2 creatures vanquished.

Notes
Turn   | Place    | Note
-------+----------+-------------------------------------------
     0 | D:5      | drugrobin the Demigod Delver began the quest for the Orb.
     0 | D:5      | Reached XP level 1. HP: 18/18 MP: 3/3
    34 | D:5      | Noticed a scorpion
    61 | D:5      | Noticed an ogre
    62 | D:4      | Found Enonush's Antique Armour Shop.
    89 | D:3      | Reached XP level 2. HP: 7/25 MP: 4/4
   132 | D:3      | HP: 1/25 [endoplasm (2)]
   134 | D:2      | Slain by a hobgoblin

Illustrated notes

Levels and vault maps discovered:
D:2:      layout_rooms, basic_altar
D:3:      layout_basic, portal_sewer_entry_b, kennysheep_generic_room_11
D:4:      layout_basic, nicolae_stop_n_shop_1
D:5:      layout_basic, pf_just_have_faith, serial_shops, nicolae_stop_n_shop_1

Skill      XL: |  1 |
---------------+----+-----
Axes           | 2 |  2.0
Dodging        | 2 |  2.0
Fighting       | |  2.8
Stealth        | |  4.6

Action                   || total
-------------------------++-------
Melee: Hand axe          ||    10
  Use: Scroll            ||     1
       Potion            ||     1
Armor: Leather armour    ||     4
Dodge: Dodged            ||     3

Table legend: (Time is in decaauts)
 A = Elapsed time spent in this place.
 B = Non-inter-level travel time spent in this place.
 C = Inter-level travel time spent in this place.
 D = Time resting spent in this place.
 E = Time spent auto-exploring this place.
 F = Levels seen in this place.
 G = Mean time per level.
                   A        B        C        D        E       F      G
               +--------+--------+--------+--------+--------+-----+--------+
         Total |    120 |     99 |     21 |      0 |     32 |   4 |   30.0 |
       Dungeon |    120 |     99 |     21 |      0 |     32 |   4 |   30.0 |
               +--------+--------+--------+--------+--------+-----+--------+

Top non-repeatable levels by time:
     D:5: 62 daAuts
     D:3: 51 daAuts
     D:4: 5 daAuts
     D:2: 0 daAuts
